 Dungeon Crawl Stone Soup version 0.21-a0-496-g696f58f (webtiles) character file.

3077 kae the Geomancer (level 9, -1/46 HPs)
             Began as a Gargoyle Earth Elementalist on Nov 23, 2017.
             Was a Believer of Vehumet.
             Killed from afar by kae's ghost (28 damage)
             ... with a stone arrow
             ... on level 7 of the Dungeon.
             The game lasted 00:08:03 (7956 turns).

kae the Geomancer (Gargoyle Earth Elementalist)     Turns: 7956, Time: 00:08:04

Health: -1/46      AC: 11    Str: 12      XL:     9   Next: 89%
Magic:  4/20       EV: 13    Int: 17 (18) God:    Vehumet [**....]
Gold:   363        SH:  0    Dex:  9 (11) Spells: 17/21 levels left

rFire    . . .     SeeInvis .   w - +3 mace (venom)
rCold    . . .     Gourm    .   (no shield)
rNeg     + . .     Faith    .   c - +0 robe
rPois    ∞         Spirit   .   A - +0 helmet
rElec    +         Reflect  .   (no cloak)
rCorr    .         Harm     .   B - +0 pair of gloves
MR       .....                  (no boots)
Stlth    ++........             (no amulet)
HPRegen  0.15/turn              (no ring)
MPRegen  0.17/turn              (no ring)

@: very slightly contaminated
A: frail 1, high mp 1, negative energy resistance 1, shaggy fur 1, electricity
resistance, unbreathing, petrification resistance, rot immunity, subdued magic
1, AC +6
a: Renounce Religion


You were on level 7 of the Dungeon.
You worshipped Vehumet.
Vehumet was pleased with you.
You were very hungry.

You visited 1 branch of the dungeon, and saw 7 of its levels.

You collected 363 gold pieces.

Inventory:

Hand Weapons
 f - a +0 hand axe
 w - a +3 mace of venom (weapon)
Missiles
 b - 92 stones (quivered)
Armour
 c - a +0 robe (worn)
 A - a +0 helmet (worn)
 B - a +0 pair of gloves (worn)
Wands
 n - a wand of digging (7)
 q - a wand of flame (31)
 r - a wand of polymorph (4)
 D - a wand of disintegration (11)
Scrolls
 a - a scroll of amnesia
 g - 2 scrolls of immolation
 i - 2 scrolls of random uselessness
 s - 2 scrolls of fog
 t - a scroll of fear
 u - a scroll of magic mapping
 v - a scroll of enchant weapon
Potions
 h - 3 potions of heal wounds
 k - 2 potions of curing
 m - a potion of brilliance {unknown}
 p - 2 potions of agility
 C - a potion of invisibility
Books
 e - a book of Geomancy

   Spells                             Type                      Level
   a - Sandblast                      Earth                        1
   b - Passwall                       Transmutation/Earth          2
   c - Stone Arrow                    Conjuration/Earth            3
   d - Petrify                        Transmutation/Earth          4
   e - Lee's Rapid Deconstruction     Earth                        5
 y - a book of Necromancy

   Spells                             Type                      Level
   a - Pain                           Necromancy                   1
   b - Animate Skeleton               Necromancy                   1
   c - Vampiric Draining              Necromancy                   3
   d - Regeneration                   Charms/Necromancy            3
   e - Animate Dead                   Necromancy                   4
   f - Control Undead                 Necromancy                   4
Comestibles
 d - 4 bread rations
 j - 7 royal jellies
 l - 10 fruits
 o - 4 meat rations


   Skills:
 + Level 4.7 Fighting
 + Level 4.0 Dodging
 - Level 2.1 Stealth
 * Level 6.5 Spellcasting
 * Level 7.1 Conjurations
   Level 0.7 Transmutations
 * Level 9.1 Earth Magic


You had 17 spell levels left.
You knew the following spells:

 Your Spells              Type           Power        Failure   Level  Hunger
a - Sandblast             Erth           ####..       1%          1    None
b - Stone Arrow           Conj/Erth      ####..       1%          3    ##.....


Dungeon Overview and Level Annotations

Branches:
Dungeon (7/15)             Temple (0/1) D:4

Altars:
Ashenzari
Dithmenos
Qazlal
Uskayaw
Vehumet
Wu Jian
Xom

Annotations:
D:7 kae's ghost, novice GrEE


Innate Abilities, Weirdness & Mutations

You are resistant to torment.
Your stone body is resilient. (AC +6)
You are immune to poison.
You resist negative energy. (rN+)
You are resistant to electric shocks. (rElec)
You can survive without breathing.
You are immune to petrification.
You are immune to rotting.
You are frail. (-10% HP)
You have an increased reservoir of magic. (+10% MP)
You are covered in fur. (AC +1)
Your spells are a little easier to cast, but a little less powerful.


Message History

Kae's ghost points at you and mumbles some strange words.
The blast of sand hits you!
You barely miss kae's ghost.
Kae's ghost is lightly damaged.
Kae's ghost closely misses you.
You barely miss kae's ghost.
Kae's ghost is lightly damaged.
Kae's ghost casts a spell at you. The stone arrow misses you.
Kae's ghost hits you.
You hit kae's ghost.
Kae's ghost is lightly damaged.
Kae's ghost points at you and mumbles some strange words.
The stone arrow misses you. Kae's ghost casts a spell at you.
You shatter!
Kae's ghost shouts, "I was like you once."
Kae's ghost gestures at you while chanting.
The stone arrow hits you!
Ouch! That really hurt!
You die...

*,* *,* *,* *, *,*
###,* *,***, *,*
#..,* *,,,,, *,*
#.#,* *,**,, *,*
#.#,* *,,,,, *,*
#.#,*******,**,* *,*
#.#,,,,,,,,,**,*
#.####.#####..#****,,
#..<@..W......# ***
######.######.#******
#.# *,,,,,,,* #.#
*******,* #.# *,* #.#
*,* #.# *,* #.# *,*
#.# *,*


You could see kae's ghost.

Vanquished Creatures
  Grinder (D:6)
  Sigmund (D:6)
  Edmund (D:5)
  Duvessa (D:6)
  3 sky beasts
  An orc warrior (D:6)
  3 phantoms
  4 ogres
  2 centaurs (D:6)
  2 bullfrogs
  Blork the orc (D:6)
  3 scorpions
  Dowan (D:5)
  A howler monkey (D:4)
  3 bullfrog zombies
  2 crimson imps (D:6)
  5 hounds
  3 orc priests
  A gnoll shaman (D:6)
  A jelly (D:6)
  2 orc wizards
  Jessica (D:2)
  2 iguanas (D:6)
  Terence (D:2)
  5 worker ants
  3 gnolls (D:5)
  9 adders
  An ooze (D:2)
  2 adder zombies
  2 worms
  A dart slug (D:1)
  5 leopard geckos
  20 orcs
  5 giant cockroaches
  9 goblins
  8 hobgoblins
  10 jackals
  7 kobolds
  4 quokkas
  4 ball pythons
  6 bats
  2 frilled lizards
  2 quokka skeletons
  7 rats
158 creatures vanquished.

Vanquished Creatures (others)
  An orc priest (D:3)
  2 orcs (D:3)
3 creatures vanquished.

Grand Total: 161 creatures vanquished

Notes
Turn   | Place    | Note
-------+----------+-------------------------------------------
     0 | D:1      | kae the Gargoyle Earth Elementalist began the quest for the Orb.
     0 | D:1      | Reached XP level 1. HP: 10/10 MP: 3/3
   353 | D:1      | Reached skill level 4 in Earth Magic
   353 | D:1      | Reached XP level 2. HP: 15/15 MP: 5/5
   805 | D:1      | Reached XP level 3. HP: 16/19 MP: 6/6
   847 | D:1      | Learned a level 3 spell: Stone Arrow
  1176 | D:2      | Found a shimmering altar of Xom.
  1177 | D:2      | Found a shimmering altar of Xom.
  1197 | D:2      | Found a shimmering altar of Xom.
  1219 | D:2      | Noticed Terence
  1241 | D:2      | Killed Terence
  1241 | D:2      | Reached skill level 1 in Conjurations
  1241 | D:2      | Reached XP level 4. HP: 22/24 MP: 0/8
  2168 | D:2      | Noticed Jessica
  2176 | D:2      | Killed Jessica
  2176 | D:2      | Reached skill level 1 in Fighting
  2176 | D:2      | Reached XP level 5. HP: 29/29 MP: 9/9
  2603 | D:3      | Reached skill level 5 in Earth Magic
  2743 | D:3      | Found a stormy altar of Qazlal.
  2743 | D:3      | Noticed an air elemental
  2745 | D:3      | Noticed a water elemental
  2747 | D:3      | Noticed a fire elemental
  2893 | D:3      | Reached XP level 6. HP: 10/34 MP: 6/11
  3072 | D:3      | Found a radiant altar of Vehumet.
  3218 | D:3      | Became a worshipper of Vehumet
  3738 | D:4      | Reached XP level 7. HP: 33/40 MP: 12/12
  3808 | D:4      | Reached skill level 6 in Earth Magic
  4344 | D:4      | Found a staircase to the Ecumenical Temple.
  4400 | D:4      | You fall through a shaft for 2 floors!
  4588 | D:5      | Entered Level 5 of the Dungeon
  4588 | D:5      | Noticed Duvessa
  4588 | D:5      | Noticed Dowan
  4668 | D:5      | Killed Dowan
  4668 | D:5      | Reached XP level 8. HP: 41/45 MP: 4/14
  4689 | D:6      | Killed Duvessa
  4938 | D:5      | Reached skill level 7 in Earth Magic
  4962 | D:5      | Reached * piety under Vehumet
  4962 | D:5      | Offered knowledge of Freeze by Vehumet.
  4965 | D:5      | Reached skill level 5 in Spellcasting
  4965 | D:5      | Reached skill level 5 in Conjurations
  5304 | D:4      | Found a shadowy altar of Dithmenos.
  5701 | D:5      | Found an ornate altar of the Wu Jian Council.
  5840 | D:5      | Reached XP level 9. HP: 44/52 MP: 5/17
  5936 | D:5      | Noticed Edmund
  5955 | D:5      | Killed Edmund
  6070 | D:5      | Reached skill level 8 in Earth Magic
  6646 | D:6      | Found a shattered altar of Ashenzari.
  6861 | D:6      | Noticed Sigmund
  7091 | D:6      | HP: 2/52 [something (13)]
  7095 | D:6      | Gained mutation: You have an increased reservoir of magic. (+10% MP) [potion of mutation]
  7095 | D:6      | Gained mutation: You are frail. (-10% HP) [potion of mutation]
  7095 | D:6      | Gained mutation: Your spells are a little easier to cast, but a little less powerful. [potion of mutation]
  7095 | D:6      | Gained mutation: You are covered in fur. (AC +1) [potion of mutation]
  7116 | D:6      | Killed Sigmund
  7116 | D:6      | Reached ** piety under Vehumet
  7116 | D:6      | Offered knowledge of Throw Frost by Vehumet.
  7515 | D:6      | Noticed Grinder
  7536 | D:6      | Paralysed by Grinder for 4 turns
  7543 | D:6      | Killed Grinder
  7543 | D:6      | Reached skill level 9 in Earth Magic
  7713 | D:6      | Noticed Blork the orc
  7719 | D:6      | Killed Blork the orc
  7884 | D:7      | Found a hide-covered altar of Uskayaw.
  7938 | D:7      | Noticed kae's ghost (novice GrEE)
  7956 | D:7      | Killed from afar by kae's ghost

Vault maps used:
D:1:      minmay_arrival_checkered_box
D:2:      minmay_large_rounded_square, xom_redecorated, uniq_terence,
          uniq_jessica
D:3:      fiery_altar_vehumet, nicolae_qazlal_style_of_elements,
          kennysheep_cross_room
D:4:      kennysheep_mini, lemuel_temple_firewalk_b, first_bread,
          kennysheep_generic_room_10
D:5:      nicolae_overflow_crystal_walls, uniq_edmund, uniq_duvessa
D:6:      ashenzari_conservatory_becter, minmay_statues_item,
          corexii_hall_statues_deadend, uniq_blork_the_orc, uniq_grinder,
          uniq_sigmund
D:7:      zin_academy, eat_drink_and_be_merry_uskayaw, hangedman_decor_riveting

Skill      XL: |  1  2  3  4  5  6  7  8  9 |
---------------+----------------------------+-----
Earth Magic    | 4 5 6 7 9 |  9.1
Conjurations   | 1 2 3 4 5 7 |  7.1
Spellcasting   | 3 4 5 6 |  6.5
Fighting       | 1 2 3 4 |  4.7
Dodging        | 2 3 4 |  4.0
Stealth        | |  2.1
Transmutations | |  0.7

Action                   |  1- 3 |  4- 6 |  7- 9 || total
-------------------------+-------+-------+-------++-------
Melee: Hand axe          |    93 |   161 |       ||   254
       Mace              |       |    24 |   219 ||   243
       Unarmed           |       |       |     6 ||     6
 Cast: Sandblast         |    10 |    20 |    60 ||    90
       Stone Arrow       |       |     3 |    51 ||    54
  Use: Scroll            |     6 |     3 |     4 ||    13
       Potion            |       |       |     7 ||     7
 Stab: Sleeping          |     3 |     7 |     2 ||    12
  Eat: Chunk             |     1 |     9 |    14 ||    24
       Fruit             |       |       |     1 ||     1
Armor: Robe              |    50 |    91 |   116 ||   257
       Skin              |       |       |     9 ||     9
Dodge: Dodged            |    96 |   159 |   225 ||   480

Table legend:
 A = Spawn XP
 B = Non-spawn XP
 C = Spawn XP percentage of total XP
 D = Spawn monster count
 E = Non-spawn monster count
 F = Spawn count percentage of total count
 G = Total turns spent on level
                    A         B        C        D         E        F      G
               +---------+---------+-------+---------+---------+-------+---------
         Total |       0 |    4396 |   0.0 |       0 |     158 |   0.0 |  7956
               +---------+---------+-------+---------+---------+-------+---------
           D:1 |       0 |      37 |   0.0 |       0 |      21 |   0.0 |  1019
           D:2 |       0 |     143 |   0.0 |       0 |      24 |   0.0 |  1357
           D:3 |       0 |     198 |   0.0 |       0 |      26 |   0.0 |  1055
           D:4 |       0 |     672 |   0.0 |       0 |      25 |   0.0 |  1277
           D:5 |       0 |     935 |   0.0 |       0 |      17 |   0.0 |  1084
           D:6 |       0 |    2277 |   0.0 |       0 |      42 |   0.0 |  2080
           D:7 |       0 |     134 |   0.0 |       0 |       3 |   0.0 |    84
               +---------+---------+-------+---------+---------+-------+---------
